 Dungeon Crawl Stone Soup version 0.29.0-15-g675c0067aa (webtiles) character file.

Game seed: 5526133145165617072

13406 qw the Severer (level 11, -6/97 HPs)
             Began as a Minotaur Berserker on Sept 12, 2022.
             Was an Elder of Trog.
             Succumbed to Sonja's poison
             ... on level 1 of the Lair of Beasts.
             The game lasted 00:04:43 (14948 turns).

qw the Severer (Minotaur Berserker)                Turns: 14948, Time: 00:04:44

Health: -6/97      AC: 23    Str: 31    XL:     11   Next: 75%
Magic:  10/10      EV: 12    Int:  9    God:    Trog [****..]
Gold:   732        SH: 11    Dex: 11    Spells: 10/10 levels left

rFire   + . .      SeeInvis .   Y - +1 war axe
rCold   + . .      Faith    .   j - +0 kite shield
rNeg    . . .      Spirit   .   m - +3 plate armour
rPois   .          Reflect  .   (helmet restricted)
rElec   .          Harm     .   i - scarf {rC+ rF+}
rCorr   .          Rampage  .   (no gloves)
Will    .....                   v - +5 pair of boots "Niabloaf" {Int+5 Stlth-}
Stlth   ..........              t - amulet of the acrobat
HPRegen 0.26/turn               o - +4 ring of evasion
MPRegen 0.12/turn               l - +6 ring of strength

@: lethally poisoned (-6 -> -75), about to teleport, on berserk cooldown,
slowed, very slow
A: horns 2, retaliatory headbutt
a: Renounce Religion, Berserk, Trog's Hand, Brothers in Arms


You were on level 1 of the Lair of Beasts.
You worshipped Trog.
Trog was greatly pleased with you.
You visited 2 branches of the dungeon, and saw 12 of its levels.
You also visited: Gauntlet.

You collected 792 gold pieces.
You spent 60 gold pieces at shops.


Innate Abilities, Weirdness & Mutations

You have a pair of horns on your head.
You reflexively headbutt those who attack you in melee.


   Skills:
 + Level 9.0 Fighting
 - Level 16.1 Axes
 - Level 3.4 Throwing
 - Level 8.1 Armour
 - Level 3.1 Dodging
 - Level 10.6 Shields


You had 10 spell levels left.
You didn't know any spells.
Your spell library was empty.

Inventory:

Hand Weapons
 e - a +0 vampiric morningstar
 Y - a +1 war axe (weapon)
Missiles
 a - 6 boomerangs of dispersal
 c - a javelin (quivered)
 q - 9 boomerangs
Armour
 b - a +2 cloak
 i - a scarf of resistance (worn)
 j - a +0 kite shield (worn)
 m - a +3 plate armour (worn)
 v - the +5 pair of boots "Niabloaf" (worn) {Int+5 Stlth-}
   (You found it in a Gauntlet)

   Int:       It affects your intelligence (+5).
   Stlth:     It makes you less stealthy.
Jewellery
 k - a ring of fire
 l - a +6 ring of strength (right hand)
 o - a +4 ring of evasion (left hand)
 t - an amulet of the acrobat (around neck)
 w - a ring of protection from fire
Wands
 r - a wand of digging (4)
Scrolls
 d - 4 scrolls of teleportation
 f - 3 scrolls of identify
Potions
 g - 6 potions of curing
 h - 2 potions of mutation
 n - 3 potions of might
 p - a potion of resistance
 s - a potion of haste
 u - 2 potions of cancellation

Dungeon Overview and Level Annotations

Branches:
Dungeon (11/15)            Temple (0/1) D:5            Lair (1/5) D:11
    Orc (0/2) D:9         Gauntlet (visited)

Altars:
Fedhas
Hepliaklqana
Kikubaaqudgha
Makhleb
Nemelex Xobeh
Qazlal
Ru
Sif Muna
Trog
Yredelemnul
Zin

Shops:
D:1 ?   D:2 *

Annotations:
Lair:1 Sonja


Message History

A red film seems to cover your vision as you go berserk!
You feel yourself moving faster!
You feel mighty!
You feel extremely sick. You block Sonja's attack.
Sonja hits you but does no damage.
You are more poisoned.
Sonja hits you with a +0 dagger of venom.
Sonja casts a spell.
Sonja blinks!
You feel a strong urge to attack something.
You feel very sick.
You feel very sick.
Sonja casts a spell.
Sonja blinks!
You feel your anger nearly subside.
You feel very sick.
Sonja throws a curare-tipped dart.
The curare-tipped dart completely misses you.
You are no longer berserk.
You are exhausted.
You feel yourself slow down.
You feel very sick. Sonja barely misses you. Sonja misses you.
Sonja hits you but does no damage.
You are lethally poisoned!
You completely miss Sonja.
Sonja is moderately wounded.
You feel extremely sick. Sonja hits you but does no damage.
You are more poisoned.
Sonja hits you but does no damage.
You are more poisoned.
Sonja hits you but does no damage.
You are more poisoned.
Sonja hits you with a +0 dagger of venom.
You are more poisoned.
You block Sonja's attack. Sonja hits you but does no damage.
You are more poisoned.
14948 ||| READING 5 scrolls of teleportation.
As you read the scroll of teleportation, it crumbles to dust.
You feel strangely unstable.
You die...

..P ... #..## ...P
#...## #...#
###..#.#### #...#
#.#.......(
#P...###.........(
#...#.#.........
##..............
#...@...........
###K..#.........
#.#.####.......
##.## #...... ##.#
##.... ####.##
.... ######.##.#
##.
######.#......##
..............#


You could see Sonja.

Vanquished Creatures
  A minotaur (Gauntlet)
  A boulder beetle (D:11)
  A two-headed ogre (D:11)
  Erica (D:8)
  A hell hog (Gauntlet)
  A manticore (D:11)
  Maurice (D:8)
  A cane toad (Lair:1)
  Maggie (D:8)
  An unseen horror (D:10)
  A gargoyle (D:11)
  A komodo dragon (D:8)
  3 trolls
  A hornet (D:11)
  Grinder (D:5)
  3 wyverns
  A basilisk (shapeshifter) (Gauntlet)
  A shadow (D:11)
  A wraith (D:11)
  4 yaks (D:9)
  3 fire bats (Gauntlet)
  8 vampire mosquitoes
  A warg (shapeshifter) (Gauntlet)
  2 acid dragons (D:10)
  A water moccasin (D:7)
  Duvessa (D:5)
  4 orc warriors (D:9)
  3 hell hounds (Gauntlet)
  An ice beast (D:8)
  2 black bears
  A sky beast (D:7)
  A centaur (D:6)
  A phantom (D:4)
  2 kobold brigands (D:9)
  3 bullfrogs
  3 gnoll sergeants
  A scorpion (D:6)
  9 wights
  Dowan (D:5)
  A howler monkey (D:9)
  3 electric eels (D:9)
  3 orc priests (D:9)
  2 hounds
  2 jellies (D:5)
  Natasha (thrice) (D:2)
  5 iguanas
  7 orc wizards
  23 gnolls
  8 adders
  8 shadow imps
  6 white imps
  4 ufetubi
  2 worms (D:2)
  2 dart slugs
  23 orcs
  8 ball pythons
  6 endoplasms
  3 giant cockroaches
  11 goblins
  11 hobgoblins
  5 quokkas
  2 bats (D:1)
  6 frilled lizards
  23 kobolds
  9 rats
  A spectral hobgoblin (D:5)
262 creatures vanquished.

Vanquished Creatures (others)
  A wizard (Gauntlet)
  2 orcs (D:9)
  6 demonic plants (D:7)
  A plant (Lair:1)
  3 toadstools (D:3)
  3 withered plants (D:9)
16 creatures vanquished.

Grand Total: 278 creatures vanquished

Notes
Turn   | Place    | Note
-------+----------+-------------------------------------------
     0 | D:1      | qw the Minotaur Berserker began the quest for the Orb.
     0 | D:1      | Reached XP level 1. HP: 19/19 MP: 0/0
     0 | D:1      | 0 ||| qw: Version: 0.1-a-119-g272c26d
     0 | D:1      | 0 ||| qw: Game counter: 10841
     0 | D:1      | 0 ||| qw: Always use a shield: true
     0 | D:1      | 0 ||| qw: Do Orc after D:15 true
     0 | D:1      | 0 ||| qw: Do second Lair branch before Depths: true
     0 | D:1      | 0 ||| qw: Lair rune preference: random
     0 | D:1      | 0 ||| qw: Plans: Normal
     0 | D:1      | 0 ||| PLANNING D:1-11
    28 | D:1      | You fall into a shaft and drop 1 floor!
    73 | D:2      | 73 ||| Stepping ~*~*~tactically~*~*~ (hiding).
    79 | D:2      | 79 ||| INVOKING Berserk.
    80 | D:2      | 80 ||| INVOKING Berserk.
    81 | D:2      | 81 ||| INVOKING Berserk.
    84 | D:2      | Reached skill level 4 in Axes
   144 | D:2      | 144 ||| FLEEEEING.
   149 | D:2      | 149 ||| STAIRDANCE
   484 | D:1      | Reached XP level 2. HP: 24/26 MP: 1/1
   606 | D:1      | 606 ||| Stepping ~*~*~tactically~*~*~ (stealth).
   648 | D:1      | 648 ||| Stepping ~*~*~tactically~*~*~ (stealth).
   650 | D:1      | 650 ||| Stepping ~*~*~tactically~*~*~ (stealth).
   674 | D:1      | Found Poutamot's Magic Scroll Boutique.
   684 | D:1      | 684 ||| BUYING scroll of identify (28 gold).
   684 | D:1      | Bought a scroll of identify for 28 gold pieces
   702 | D:1      | Reached skill level 5 in Axes
   775 | D:1      | 775 ||| Stepping ~*~*~tactically~*~*~ (stealth).
   784 | D:1      | Reached XP level 3. HP: 31/31 MP: 2/2
   786 | D:1      | 786 ||| Stepping ~*~*~tactically~*~*~ (stealth).
   787 | D:1      | 787 ||| Stepping ~*~*~tactically~*~*~ (stealth).
   789 | D:1      | 789 ||| Stepping ~*~*~tactically~*~*~ (stealth).
   854 | D:1      | 854 ||| Stepping ~*~*~tactically~*~*~ (hiding).
   857 | D:1      | 857 ||| INVOKING Berserk.
  1174 | D:1      | 1174 ||| Stepping ~*~*~tactically~*~*~ (hiding).
  1276 | D:1      | 1276 ||| Stepping ~*~*~tactically~*~*~ (hiding).
  1427 | D:1      | Found a faded altar of an unknown god.
  1492 | D:1      | 1492 ||| UPGRADING to +0 ring mail.
  1502 | D:1      | 1502 ||| DROPPING +0 animal skin.
  1503 | D:1      | 1503 ||| DROPPING ring of flight.
  1504 | D:1      | 1504 ||| UPGRADING to +6 ring of intelligence.
  1505 | D:1      | 1505 ||| READING scroll labelled CEBLAR SIUXZIA.
  1506 | D:1      | 1506 ||| READING 4 scrolls labelled SECOTEK BOFI.
  1507 | D:1      | 1507 ||| DRINKING 2 murky sapphire potions.
  1508 | D:1      | 1508 ||| DROPPING potion of attraction.
  1509 | D:1      | 1509 ||| DROPPING 3 scrolls of immolation.
  1632 | D:2      | 1632 ||| FLEEEEING.
  1633 | D:2      | 1633 ||| FLEEEEING.
  1634 | D:2      | 1634 ||| STAIRDANCE
  1809 | D:1      | 1809 ||| UPGRADING to +0 cloak.
  1826 | D:2      | Reached ** piety under Trog
  1902 | D:2      | 1902 ||| INVOKING Berserk.
  2040 | D:2      | Reached skill level 6 in Axes
  2040 | D:2      | Reached XP level 4. HP: 39/39 MP: 3/3
  2089 | D:2      | Noticed Natasha
  2090 | D:2      | 2090 ||| INVOKING Berserk.
  2096 | D:2      | Killed Natasha
  2116 | D:2      | Noticed Natasha
  2117 | D:2      | 2117 ||| Stepping ~*~*~tactically~*~*~ (hiding).
  2127 | D:2      | HP: 8/39 [Natasha (8)]
  2129 | D:2      | 2129 ||| INVOKING Berserk.
  2129 | D:2      | HP: 2/39 [Natasha (6)]
  2130 | D:2      | 2130 ||| INVOKING Berserk.
  2131 | D:2      | Killed Natasha
  2413 | D:2      | Noticed Natasha
  2414 | D:2      | 2414 ||| Stepping ~*~*~tactically~*~*~ (stealth).
  2415 | D:2      | 2415 ||| Stepping ~*~*~tactically~*~*~ (stealth).
  2416 | D:2      | 2416 ||| Stepping ~*~*~tactically~*~*~ (stealth).
  2418 | D:2      | 2418 ||| INVOKING Berserk.
  2419 | D:2      | Killed Natasha
  2420 | D:2      | Reached skill level 7 in Axes
  2420 | D:2      | Reached XP level 5. HP: 45/45 MP: 4/4
  2537 | D:2      | Found a stormy altar of Qazlal.
  2606 | D:2      | Found Emiharr's General Store.
  2615 | D:2      | 2615 ||| BUYING +0 whip (32 gold).
  2615 | D:2      | Bought a +0 whip for 32 gold pieces
  2615 | D:2      | 2615 ||| DROPPING +0 club.
  2823 | D:2      | 2823 ||| UPGRADING to +0 chain mail.
  2833 | D:2      | 2833 ||| DROPPING +0 ring mail.
  2834 | D:2      | 2834 ||| READING scroll labelled TADAMA ASABOMEA.
  2835 | D:2      | 2835 ||| READING 2 scrolls of identify.
  2835 | D:2      | 2835 ||| IDENTIFYING black potion
  2993 | D:3      | 2993 ||| Stepping ~*~*~tactically~*~*~ (stealth).
  3470 | D:3      | 3470 ||| UPGRADING to +6 ring of strength.
  3471 | D:3      | 3471 ||| READING scroll labelled UTAMUG EQUEFUO.
  3475 | D:3      | 3475 ||| READING scroll labelled NUSOSU AF VAU.
  3516 | D:4      | 3516 ||| Stepping ~*~*~tactically~*~*~ (stealth).
  3732 | D:4      | Noticed a phantom
  3744 | D:4      | Killed a phantom
  3745 | D:4      | Reached skill level 8 in Axes
  3745 | D:4      | Reached XP level 6. HP: 52/52 MP: 5/5
  3992 | D:4      | Noticed a moth of wrath
  3996 | D:4      | Found a bloodstained altar of Trog.
  4011 | D:4      | 4011 ||| INVOKING Berserk.
  4018 | D:4      | 4018 ||| FLEEEEING.
  4019 | D:4      | 4019 ||| FLEEEEING.
  4020 | D:4      | 4020 ||| FLEEEEING.
  4021 | D:4      | 4021 ||| FLEEEEING.
  4022 | D:4      | 4022 ||| FLEEEEING.
  4152 | D:4      | Identified the +10 sling of Discomfort {freeze, rF+}
  4153 | D:4      | 4153 ||| UPGRADING to +0 plate armour.
  4163 | D:4      | 4163 ||| DROPPING +0 chain mail.
  4164 | D:4      | 4164 ||| READING 2 scrolls of identify.
  4164 | D:4      | 4164 ||| IDENTIFYING glowing blue potion
  4165 | D:4      | 4165 ||| DROPPING potion of lignification.
  4226 | D:5      | Entered Level 5 of the Dungeon
  4240 | D:5      | 4240 ||| INVOKING Berserk.
  4355 | D:5      | Found a staircase to the Ecumenical Temple.
  4596 | D:5      | Found a hazy altar of Hepliaklqana.
  4635 | D:5      | Noticed Grinder
  4636 | D:5      | 4636 ||| INVOKING Trog's Hand.
  4638 | D:5      | 4638 ||| INVOKING Berserk.
  4642 | D:5      | Killed Grinder
  4643 | D:5      | Reached skill level 9 in Axes
  4643 | D:5      | Reached XP level 7. HP: 59/59 MP: 6/6
  5098 | D:5      | Noticed Dowan
  5099 | D:5      | 5099 ||| Stepping ~*~*~tactically~*~*~ (hiding).
  5101 | D:5      | 5101 ||| INVOKING Berserk.
  5103 | D:5      | Killed Dowan
  5103 | D:5      | Noticed Duvessa
  5110 | D:5      | Killed Duvessa
  5231 | D:5      | 5231 ||| INVOKING Berserk.
  5431 | D:5      | 5431 ||| READING scroll labelled SARES LUF JAOPS.
  5432 | D:5      | 5432 ||| READING 3 scrolls labelled QUACRO EZAMN.
  5433 | D:5      | 5433 ||| READING 2 scrolls of enchant weapon.
  5433 | D:5      | 5433 ||| ENCHANTING +1 hand axe.
  5434 | D:5      | 5434 ||| READING scroll of enchant weapon.
  5434 | D:5      | 5434 ||| ENCHANTING +2 hand axe.
  5435 | D:5      | 5435 ||| DRINKING 2 sedimented golden potions.
  5536 | D:5      | 5536 ||| READING 2 scrolls of identify.
  5536 | D:5      | 5536 ||| IDENTIFYING fizzy green potion
  5537 | D:5      | 5537 ||| DROPPING potion of magic.
  5538 | D:5      | 5538 ||| DROPPING potion of ambrosia.
  5598 | D:6      | 5598 ||| Stepping ~*~*~tactically~*~*~ (hiding).
  5600 | D:6      | 5600 ||| Stepping ~*~*~tactically~*~*~ (hiding).
  5603 | D:6      | 5603 ||| Stepping ~*~*~tactically~*~*~ (hiding).
  5618 | D:6      | Reached skill level 10 in Axes
  5772 | D:6      | 5772 ||| DROPPING +0 whip.
  5816 | D:6      | Reached XP level 8. HP: 53/70 MP: 7/7
  5821 | D:6      | Reached skill level 6 in Fighting
  5956 | D:6      | 5956 ||| INVOKING Berserk.
  5956 | D:6      | HP: 26/105 [gnoll/+2 halberd of freezing (2)]
  6251 | D:6      | 6251 ||| READING 3 scrolls of enchant armour.
  6251 | D:6      | 6251 ||| ENCHANTING +0 cloak.
  6252 | D:6      | 6252 ||| READING 2 scrolls of enchant armour.
  6252 | D:6      | 6252 ||| ENCHANTING +1 cloak.
  6253 | D:6      | 6253 ||| READING scroll of enchant armour.
  6253 | D:6      | 6253 ||| ENCHANTING +0 plate armour.
  6338 | D:6      | Found a stormy altar of Qazlal.
  6347 | D:6      | 6347 ||| Stepping ~*~*~tactically~*~*~ (hiding).
  6348 | D:6      | 6348 ||| Stepping ~*~*~tactically~*~*~ (hiding).
  6349 | D:6      | 6349 ||| Stepping ~*~*~tactically~*~*~ (hiding).
  6527 | D:6      | Found a shimmering blue altar of Sif Muna.
  6528 | D:6      | Found a glowing silver altar of Zin.
  6560 | D:6      | 6560 ||| SWAPPING to +0 war axe.
  6561 | D:6      | 6561 ||| DROPPING +3 hand axe.
  6615 | D:6      | 6615 ||| UPGRADING to scarf of resistance.
  6625 | D:6      | 6625 ||| UPGRADING to +4 ring of evasion.
  6627 | D:6      | 6627 ||| DROPPING +6 ring of intelligence.
  6628 | D:6      | 6628 ||| READING 2 scrolls of identify.
  6628 | D:6      | 6628 ||| IDENTIFYING dark potion
  6650 | D:7      | 6650 ||| Stepping ~*~*~tactically~*~*~ (hiding).
  6651 | D:7      | 6651 ||| Stepping ~*~*~tactically~*~*~ (hiding).
  6655 | D:7      | 6655 ||| STAIRDANCE
  6688 | D:7      | 6688 ||| Stepping ~*~*~tactically~*~*~ (hiding).
  6749 | D:7      | 6749 ||| Stepping ~*~*~tactically~*~*~ (stealth).
  6750 | D:7      | 6750 ||| Stepping ~*~*~tactically~*~*~ (stealth).
  6751 | D:7      | 6751 ||| Stepping ~*~*~tactically~*~*~ (hiding).
  6761 | D:7      | Reached skill level 11 in Axes
  6795 | D:7      | 6795 ||| Stepping ~*~*~tactically~*~*~ (stealth).
  6813 | D:7      | 6813 ||| Stepping ~*~*~tactically~*~*~ (stealth).
  6863 | D:7      | Reached skill level 12 in Axes
  6909 | D:7      | 6909 ||| Stepping ~*~*~tactically~*~*~ (stealth).
  6914 | D:7      | Reached *** piety under Trog
  7007 | D:7      | Found the +4 robe of Augmentation {Str+4 Int+4 Dex+4}
  7193 | D:7      | 7193 ||| Stepping ~*~*~tactically~*~*~ (hiding).
  7206 | D:7      | Reached XP level 9. HP: 76/78 MP: 8/8
  7219 | D:7      | 7219 ||| INVOKING Berserk.
  7328 | D:7      | 7328 ||| READING scroll of enchant armour.
  7328 | D:7      | 7328 ||| ENCHANTING +1 plate armour.
  7375 | D:7      | 7375 ||| Stepping ~*~*~tactically~*~*~ (hiding).
  7377 | D:7      | 7377 ||| Stepping ~*~*~tactically~*~*~ (hiding).
  7378 | D:7      | 7378 ||| Stepping ~*~*~tactically~*~*~ (hiding).
  7379 | D:7      | 7379 ||| Stepping ~*~*~tactically~*~*~ (hiding).
  7528 | D:7      | 7528 ||| DROPPING ring of ice.
  7529 | D:7      | 7529 ||| READING scroll labelled TEUCOD ZAERU.
  7530 | D:7      | 7530 ||| READING scroll labelled NUHUEG OPIPU.
  7531 | D:7      | 7531 ||| READING 2 scrolls of identify.
  7531 | D:7      | 7531 ||| IDENTIFYING glowing dark potion
  7532 | D:7      | 7532 ||| DROPPING potion of flight.
  7533 | D:7      | 7533 ||| READING 5 scrolls of teleportation.
  7554 | D:8      | 7554 ||| INVOKING Berserk.
  7806 | D:8      | 7806 ||| DROPPING +0 flail of draining.
  7968 | D:8      | Reached skill level 13 in Axes
  7976 | D:8      | 7976 ||| Stepping ~*~*~tactically~*~*~ (stealth).
  7985 | D:8      | Reached skill level 3 in Dodging
  8123 | D:8      | Noticed Erica
  8124 | D:8      | 8124 ||| INVOKING Berserk.
  8128 | D:8      | Killed Erica
  8277 | D:8      | 8277 ||| Stepping ~*~*~tactically~*~*~ (stealth).
  8279 | D:8      | 8279 ||| Stepping ~*~*~tactically~*~*~ (hiding).
  8292 | D:8      | 8292 ||| Stepping ~*~*~tactically~*~*~ (stealth).
  8316 | D:8      | 8316 ||| Stepping ~*~*~tactically~*~*~ (stealth).
  8319 | D:8      | Found an ancient bone altar of Kikubaaqudgha.
  8326 | D:8      | Noticed Maurice
  8332 | D:8      | Noticed Maggie
  8346 | D:8      | Killed Maggie
  8354 | D:8      | Killed Maurice
  8355 | D:8      | Reached XP level 10. HP: 55/88 MP: 9/9
  8516 | D:8      | 8516 ||| INVOKING Berserk.
  8521 | D:8      | Reached skill level 14 in Axes
  8562 | D:8      | 8562 ||| Stepping ~*~*~tactically~*~*~ (stealth).
  8825 | D:8      | 8825 ||| UPGRADING to +0 buckler.
  8873 | D:9      | Reached skill level 1 in Shields
  8946 | D:9      | 8946 ||| Stepping ~*~*~tactically~*~*~ (hiding).
  8948 | D:9      | 8948 ||| INVOKING Berserk.
  8994 | D:9      | 8994 ||| Stepping ~*~*~tactically~*~*~ (stealth).
  9038 | D:9      | 9038 ||| Stepping ~*~*~tactically~*~*~ (stealth).
  9074 | D:9      | 9074 ||| INVOKING Berserk.
  9078 | D:9      | Reached skill level 3 in Shields
  9204 | D:9      | Found a basalt altar of Yredelemnul.
  9226 | D:9      | 9226 ||| Stepping ~*~*~tactically~*~*~ (stealth).
  9279 | D:9      | 9279 ||| Stepping ~*~*~tactically~*~*~ (stealth).
  9301 | D:9      | 9301 ||| Stepping ~*~*~tactically~*~*~ (stealth).
  9342 | D:9      | Reached **** piety under Trog
  9420 | D:9      | 9420 ||| FLEEEEING.
  9421 | D:9      | 9421 ||| FLEEEEING.
  9422 | D:9      | 9422 ||| FLEEEEING.
  9423 | D:9      | 9423 ||| FLEEEEING.
  9424 | D:9      | 9424 ||| FLEEEEING.
  9425 | D:9      | 9425 ||| FLEEEEING.
  9426 | D:9      | 9426 ||| FLEEEEING.
  9428 | D:9      | 9428 ||| FLEEEEING.
  9429 | D:9      | 9429 ||| FLEEEEING.
  9430 | D:9      | 9430 ||| FLEEEEING.
  9431 | D:9      | 9431 ||| FLEEEEING.
  9432 | D:9      | 9432 ||| FLEEEEING.
  9433 | D:9      | 9433 ||| FLEEEEING.
  9434 | D:9      | 9434 ||| FLEEEEING.
  9435 | D:9      | 9435 ||| FLEEEEING.
  9436 | D:9      | 9436 ||| FLEEEEING.
  9437 | D:9      | 9437 ||| FLEEEEING.
  9438 | D:9      | 9438 ||| FLEEEEING.
  9439 | D:9      | 9439 ||| FLEEEEING.
  9440 | D:9      | 9440 ||| FLEEEEING.
  9441 | D:9      | 9441 ||| FLEEEEING.
  9442 | D:9      | 9442 ||| FLEEEEING.
  9443 | D:9      | 9443 ||| FLEEEEING.
  9444 | D:9      | 9444 ||| FLEEEEING.
  9445 | D:9      | 9445 ||| FLEEEEING.
  9446 | D:9      | 9446 ||| FLEEEEING.
  9447 | D:9      | 9447 ||| STAIRDANCE
  9606 | D:8      | 9606 ||| DROPPING ring of willpower.
  9610 | D:9      | 9610 ||| FLEEEEING.
  9611 | D:9      | 9611 ||| STAIRDANCE
  9729 | D:9      | 9729 ||| INVOKING Berserk.
  9767 | D:9      | HP: 18/88 [orc warrior/+0 dire flail (12)]
  9768 | D:9      | 9768 ||| READING 6 scrolls of teleportation.
  9769 | D:9      | 9769 ||| DRINKING potion of heal wounds.
  9977 | D:9      | 9977 ||| Stepping ~*~*~tactically~*~*~ (stealth).
  9978 | D:9      | 9978 ||| Stepping ~*~*~tactically~*~*~ (stealth).
  9979 | D:9      | 9979 ||| Stepping ~*~*~tactically~*~*~ (stealth).
  9983 | D:9      | 9983 ||| Stepping ~*~*~tactically~*~*~ (stealth).
  9985 | D:9      | 9985 ||| INVOKING Berserk.
 10125 | D:9      | 10125 ||| INVOKING Berserk.
 10246 | D:9      | Found a staircase to the Orcish Mines.
 10247 | D:9      | 10247 ||| FLEEEEING.
 10312 | D:9      | 10312 ||| FLEEEEING.
 10369 | D:9      | 10369 ||| FLEEEEING.
 10370 | D:9      | 10370 ||| FLEEEEING.
 10372 | D:9      | 10372 ||| FLEEEEING.
 10373 | D:9      | 10373 ||| FLEEEEING.
 10374 | D:9      | 10374 ||| STAIRDANCE
 10450 | D:8      | 10450 ||| READING 2 scrolls of identify.
 10450 | D:8      | 10450 ||| IDENTIFYING bubbling blue potion
 10454 | D:9      | 10454 ||| FLEEEEING.
 10455 | D:9      | 10455 ||| STAIRDANCE
 10564 | D:9      | 10564 ||| FLEEEEING.
 10565 | D:9      | 10565 ||| STAIRDANCE
 10676 | D:9      | 10676 ||| INVOKING Berserk.
 10761 | D:9      | Found a burning altar of Makhleb.
 10761 | D:9      | Noticed an Executioner
 10794 | D:9      | 10794 ||| FLEEEEING.
 10795 | D:9      | 10795 ||| FLEEEEING.
 10796 | D:9      | 10796 ||| FLEEEEING.
 10797 | D:9      | 10797 ||| FLEEEEING.
 10798 | D:9      | 10798 ||| FLEEEEING.
 10801 | D:9      | 10801 ||| FLEEEEING.
 10802 | D:9      | 10802 ||| FLEEEEING.
 10803 | D:9      | 10803 ||| FLEEEEING.
 10804 | D:9      | 10804 ||| FLEEEEING.
 10805 | D:9      | 10805 ||| FLEEEEING.
 10806 | D:9      | 10806 ||| FLEEEEING.
 10812 | D:9      | Reached skill level 15 in Axes
 10848 | D:9      | 10848 ||| FLEEEEING.
 10849 | D:9      | 10849 ||| FLEEEEING.
 10850 | D:9      | 10850 ||| FLEEEEING.
 10851 | D:9      | 10851 ||| FLEEEEING.
 10852 | D:9      | 10852 ||| FLEEEEING.
 10853 | D:9      | 10853 ||| FLEEEEING.
 10854 | D:9      | 10854 ||| FLEEEEING.
 10855 | D:9      | 10855 ||| FLEEEEING.
 10856 | D:9      | 10856 ||| FLEEEEING.
 10857 | D:9      | 10857 ||| FLEEEEING.
 10858 | D:9      | 10858 ||| FLEEEEING.
 10859 | D:9      | 10859 ||| FLEEEEING.
 10860 | D:9      | 10860 ||| FLEEEEING.
 10861 | D:9      | 10861 ||| FLEEEEING.
 10862 | D:9      | 10862 ||| FLEEEEING.
 10863 | D:9      | 10863 ||| FLEEEEING.
 10864 | D:9      | 10864 ||| FLEEEEING.
 10865 | D:9      | 10865 ||| FLEEEEING.
 10866 | D:9      | 10866 ||| FLEEEEING.
 10867 | D:9      | 10867 ||| FLEEEEING.
 10868 | D:9      | 10868 ||| FLEEEEING.
 10868 | D:9      | HP: 17/88 [electric eel/bolt of electricity (10)]
 10869 | D:9      | 10869 ||| FLEEEEING.
 10870 | D:9      | 10870 ||| STAIRDANCE
 11165 | D:9      | 11165 ||| FLEEEEING.
 11167 | D:9      | 11167 ||| INVOKING Berserk.
 11173 | D:9      | 11173 ||| STAIRDANCE
 11345 | D:9      | 11345 ||| Stepping ~*~*~tactically~*~*~ (stealth).
 11346 | D:9      | 11346 ||| Stepping ~*~*~tactically~*~*~ (stealth).
 11347 | D:9      | 11347 ||| Stepping ~*~*~tactically~*~*~ (stealth).
 11349 | D:9      | 11349 ||| Stepping ~*~*~tactically~*~*~ (stealth).
 11350 | D:9      | 11350 ||| Stepping ~*~*~tactically~*~*~ (stealth).
 11351 | D:9      | 11351 ||| Stepping ~*~*~tactically~*~*~ (stealth).
 11352 | D:9      | 11352 ||| Stepping ~*~*~tactically~*~*~ (stealth).
 11358 | D:9      | 11358 ||| INVOKING Berserk.
 11491 | D:9      | Found a sparkling altar of Nemelex Xobeh.
 11534 | D:9      | 11534 ||| READING scroll of enchant armour.
 11534 | D:9      | 11534 ||| ENCHANTING +2 plate armour.
 11554 | D:10     | Entered Level 10 of the Dungeon
 11555 | D:10     | 11555 ||| STAIRDANCE
 11557 | D:9      | 11557 ||| INVOKING Berserk.
 11667 | D:10     | 11667 ||| STAIRDANCE
 11746 | D:10     | 11746 ||| STAIRDANCE
 11753 | D:9      | Reached skill level 9 in Fighting
 11758 | D:10     | 11758 ||| STAIRDANCE
 11940 | D:10     | Found a sacrificial altar of Ru.
 12015 | D:10     | 12015 ||| READING scroll of enchant weapon.
 12015 | D:10     | 12015 ||| ENCHANTING +0 war axe.
 12175 | D:10     | 12175 ||| Stepping ~*~*~tactically~*~*~ (hiding).
 12177 | D:10     | 12177 ||| Stepping ~*~*~tactically~*~*~ (hiding).
 12179 | D:10     | 12179 ||| Stepping ~*~*~tactically~*~*~ (hiding).
 12183 | D:10     | 12183 ||| Stepping ~*~*~tactically~*~*~ (hiding).
 12184 | D:10     | 12184 ||| Stepping ~*~*~tactically~*~*~ (hiding).
 12447 | D:10     | Found a blossoming altar of Fedhas.
 12468 | D:10     | Noticed an oklob plant
 12709 | D:10     | 12709 ||| UPGRADING to +0 kite shield.
 12719 | D:10     | 12719 ||| DROPPING +0 buckler.
 12720 | D:10     | 12720 ||| UPGRADING to amulet of the acrobat.
 12725 | D:10     | 12725 ||| READING 2 scrolls of identify.
 12725 | D:10     | 12725 ||| IDENTIFYING silvery potion
 12760 | D:11     | Found a gate leading to a gauntlet.
 12761 | D:11     | 12761 ||| PLANNING GAUNTLET
 12764 | Gauntlet | Entered a Gauntlet
 12764 | Gauntlet | Found a transporter.
 12764 | Gauntlet | Found a transporter.
 12766 | Gauntlet | Found a transporter.
 12766 | Gauntlet | Found a transporter.
 12766 | Gauntlet | Noticed a moth of wrath
 12769 | Gauntlet | Found a transporter.
 12777 | Gauntlet | Found a transporter.
 12778 | Gauntlet | Found a transporter.
 12778 | Gauntlet | Noticed a wizard
 12779 | Gauntlet | Found a transporter.
 12783 | Gauntlet | Found a transporter.
 12784 | Gauntlet | Noticed a hell hog
 12788 | Gauntlet | Found a transporter.
 12791 | Gauntlet | Found a transporter.
 12792 | Gauntlet | Noticed a blizzard demon
 12812 | Gauntlet | Noticed an oklob plant
 12847 | Gauntlet | Found a transporter.
 12869 | Gauntlet | Noticed a black mamba
 12869 | Gauntlet | a human changed into a black mamba
 12872 | Gauntlet | a black mamba changed into a hog
 12940 | Gauntlet | 12940 ||| Stepping ~*~*~tactically~*~*~ (hiding).
 12958 | Gauntlet | Reached XP level 11. HP: 88/97 MP: 10/10
 13001 | Gauntlet | 13001 ||| INVOKING Trog's Hand.
 13002 | Gauntlet | 13002 ||| Stepping ~*~*~tactically~*~*~ (hiding).
 13008 | Gauntlet | Killed a wizard
 13009 | Gauntlet | Reached skill level 6 in Shields
 13023 | Gauntlet | Identified the +5 pair of boots "Niabloaf" {Int+5 Stlth-}
 13028 | Gauntlet | 13028 ||| UPGRADING to +5 pair of boots "Niabloaf" {Int+5
                  | Stlth-}.
 13033 | Gauntlet | 13033 ||| READING 2 scrolls of identify.
 13033 | Gauntlet | 13033 ||| IDENTIFYING emerald potion
 13034 | Gauntlet | 13034 ||| DROPPING potion of invisibility.
 13116 | Gauntlet | Killed a hell hog
 13189 | Gauntlet | Identified the +1 pair of boots of Pessimism {Contam rN+
                  | MP+9}
 13192 | Gauntlet | 13192 ||| DROPPING +1 pair of boots of Pessimism {Contam
                  | rN+ MP+9}.
 13228 | Gauntlet | Noticed a minotaur
 13229 | Gauntlet | 13229 ||| INVOKING Berserk.
 13241 | Gauntlet | Killed a minotaur
 13544 | Gauntlet | 13544 ||| READING scroll labelled LORYORA HOPRISTEIGH.
 13665 | D:11     | 13665 ||| PLANNING D:1-11
 13680 | D:11     | Noticed a boulder beetle
 13683 | D:11     | 13683 ||| INVOKING Berserk.
 13688 | D:11     | Killed a boulder beetle
 13689 | D:11     | Reached skill level 9 in Shields
 13808 | D:11     | Noticed a two-headed ogre
 13812 | D:11     | 13812 ||| INVOKING Berserk.
 13816 | D:11     | Killed a two-headed ogre
 13817 | D:11     | Reached skill level 3 in Throwing
 14001 | D:11     | 14001 ||| FLEEEEING.
 14002 | D:11     | 14002 ||| FLEEEEING.
 14003 | D:11     | 14003 ||| FLEEEEING.
 14004 | D:11     | 14004 ||| FLEEEEING.
 14008 | D:11     | 14008 ||| FLEEEEING.
 14009 | D:11     | 14009 ||| FLEEEEING.
 14128 | D:11     | 14128 ||| INVOKING Berserk.
 14337 | D:11     | Found a staircase to the Lair.
 14344 | D:11     | 14344 ||| INVOKING Berserk.
 14472 | D:11     | 14472 ||| Stepping ~*~*~tactically~*~*~ (hiding).
 14482 | D:11     | Reached skill level 16 in Axes
 14756 | D:11     | 14756 ||| PLANNING LAIR
 14756 | D:11     | 14756 ||| DRINKING 3 orange potions.
 14766 | Lair:1   | Entered Level 1 of the Lair of Beasts
 14811 | Lair:1   | 14811 ||| INVOKING Berserk.
 14925 | Lair:1   | Noticed Sonja
 14942 | Lair:1   | 14942 ||| INVOKING Berserk.
 14947 | Lair:1   | HP: 16/97 [poisoned by Sonja]
 14948 | Lair:1   | 14948 ||| READING 5 scrolls of teleportation.
 14948 | Lair:1   | Succumbed to Sonja's poison

Levels and vault maps discovered:
D:1:      minmay_arrival_checkered_box, layout_loops_ring, serial_shops,
          nicolae_diamond_shop, shapermc_ecumenical_altar_mp_vishouse
D:2:      layout_basic, basic_altar, serial_shops, shop, uniq_natasha
D:3:      layout_basic, minmay_crystal_room, minmay_gold_behind_fungi
D:4:      cheibrodos_quashed, layout_cave_pools, tgw_trog
D:5:      layout_loops_cross, nicolae_hepliaklqana_monster_ancestors,
          temple_pool_b, uniq_duvessa, uniq_grinder
D:6:      layout_basic, nicolae_overflow_crystal_walls,
          mainiacjoe_overflow_divided_tiny, minmay_misc_feat_nine_boxes
D:7:      layout_cave_pools, enter_bailey_5, serial_demonic, serial_demonic_f,
          serial_demonic_c, serial_demonic_g, serial_demonic_g,
          serial_demonic_e, serial_demonic_c, serial_demonic_a,
          serial_demonic_b, serial_demonic_e, serial_demonic_a, feat_on_display
D:8:      layout_loops_ring, kiku_gazebo_pond_becter, moated_statue, uniq_erica,
          uniq_maggie, uniq_maurice
D:9:      layout_roguey, yredelemnul_altar_generic, nemelex_spade_bored_becter,
          makhleb_altar_promises_db, erik_orc_2, minmay_unpleasant_kobolds
D:10:     layout_rooms, tgw_fedhas, hangedman_ru_absence, serial_corexii_hall,
          chequers_hall_statues_wall_a, chequers_hall_statues_corner_a
D:11:     layout_basic, lair_entry_dummy, gauntlet_entry_generic
Lair:1:   layout_cave_pods, uniq_urug, uniq_sonja, uniq_amaemon

Skill      XL: |  1  2  3  4  5  6  7  8  9 10 11 |
---------------+----------------------------------+-----
Axes           | 4 5 6 7 8 9 10 12 13 15 16 | 16.1
Fighting       | 4 5 6 8 9 |  9.0
Armour         | 4 5 7 8 |  8.1
Throwing       | 2 3 |  3.4
Dodging        | 3 |  3.1
Shields        | 5 10 | 10.6

Action                   |  1- 3 |  4- 6 |  7- 9 | 10-12 || total
-------------------------+-------+-------+-------+-------++-------
Melee: Hand axe          |    94 |   122 |    56 |       ||   272
       Headbutt          |     9 |    30 |    37 |    54 ||   130
       Punch             |     1 |     1 |     1 |       ||     3
       War axe           |       |       |   134 |   280 ||   414
Throw: Boomerang         |       |       |    39 |    31 ||    70
       Javelin           |       |       |       |    14 ||    14
Invok: Berserk           |     3 |     6 |     6 |    17 ||    32
       Trog's Hand       |       |     1 |       |     1 ||     2
  Use: Scroll            |     2 |     5 |    14 |     8 ||    29
       Potion            |     1 |       |     1 |     2 ||     4
Armor: Animal skin       |    15 |       |       |       ||    15
       Ring mail         |     6 |     7 |       |       ||    13
       Chain mail        |       |    25 |       |       ||    25
       Plate armour      |       |     7 |    90 |   101 ||   198
Dodge: Dodged            |    48 |    48 |   103 |   119 ||   318
Block: Buckler           |       |       |       |    25 ||    25
       Kite shield       |       |       |       |    42 ||    42

Table legend:
 A = Non-vault XP
 B = Vault XP
 C = Vault XP percentage of total XP
 D = Non-vault monster count
 E = Vault monster count
 F = Vault count percentage of total count
                 A         B        C        D         E       F
            +---------+---------+-------+---------+---------+-------
      Total |   12616 |    6536 |  34.1 |     196 |      67 |  25.5
            +---------+---------+-------+---------+---------+-------
        D:1 |      61 |       0 |   0.0 |      30 |       0 |   0.0
        D:2 |     150 |      36 |  19.4 |      16 |       1 |   5.9
        D:3 |      42 |       0 |   0.0 |      12 |       0 |   0.0
        D:4 |     179 |       5 |   2.7 |      17 |       5 |  22.7
        D:5 |     376 |     468 |  55.5 |       8 |       5 |  38.5
        D:6 |     467 |       8 |   1.7 |      16 |       1 |   5.9
        D:7 |    1025 |     131 |  11.3 |      18 |      16 |  47.1
        D:8 |    1706 |    1720 |  50.2 |      18 |       3 |  14.3
        D:9 |    2563 |     605 |  19.1 |      33 |      23 |  41.1
       D:10 |    1183 |       0 |   0.0 |      12 |       0 |   0.0
       D:11 |    4431 |       0 |   0.0 |      15 |       0 |   0.0
     Lair:1 |     433 |       0 |   0.0 |       1 |       0 |   0.0
   Gauntlet |       0 |    3563 | 100.0 |       0 |      13 | 100.0
            +---------+---------+-------+---------+---------+-------
